 Dungeon Crawl Stone Soup version 0.16-a0-4060-g00983b4 (webtiles) character file.

1 Bloax the Scratcher (level 1, 0/9 HPs)
             Began as a Felid Transmuter on Feb 21, 2015.
             Slain by a ball python (1 damage)
             ... on level 1 of the Dungeon.
             The game lasted 00:00:10 (31 turns).

Bloax the Scratcher (Felid Transmuter)                Turns: 31, Time: 00:00:10

Health: 0/9        AC:  1    Str:  6    XL:     1   Next: 16%
Magic:  3/4        EV: 18    Int: 14    God:
Gold:   0          SH:  0    Dex: 16    Spells: 1 memorised, 3 levels left
                                        Lives:  0   Deaths: 0

rFire  . . .     SeeInvis +       - Unarmed
rCold  . . .     Clarity  .     (armour unavailable)
rNeg   . . .     SustAb   .     (shield unavailable)
rPois  .         Gourm    .     (helmet unavailable)
rElec  .         Spirit   .     (cloak unavailable)
rCorr  .         Warding  .     (gloves unavailable)
rMut   .         Stasis   .     (boots unavailable)
MR     .....                    (no amulet)
Stlth  ++........               (no ring)
                                (no ring)

@: appendage, constricted, quick, not resistant to hostile enchantments,
unstealthy
A: paw claws, no armour, no weapons or thrown items, fangs 3, horns 2, see
invisible, carnivore 3, speed 1, shaggy fur 1, slow metabolism 1, sharp paws
a: End Transformation


You were on level 1 of the Dungeon.
You were not hungry.
You had grown temporary horns.
You visited 1 branch of the dungeon, and saw 1 of its levels.


Innate Abilities, Weirdness & Mutations

You cannot wear armour.
You are incapable of wielding weapons or throwing items.
You have razor-sharp teeth.
You have supernaturally acute eyesight.
You are carnivorous and can eat meat at any time.
You cover ground quickly.
You are covered in fur (AC +1).
You have a slow metabolism.
Your paws have sharp claws that are effective at stabbing.
You have a pair of horns on your head.


   Skills:
 - Level 1.0 Fighting
 - Level 2.6 Dodging
 + Level 0.0 Stealth
 - Level 3.0 Unarmed Combat
 + Level 2.0 Spellcasting
 + Level 2.2 Transmutations


You had 3 spell levels left.
You knew the following spells:

 Your Spells              Type           Power        Failure   Level  Hunger
a - Beastly Appendage     Trmt           #.....       12%         1    ##.....


Dungeon Overview and Level Annotations

Branches:
Dungeon (1/15)

Altars:

Inventory:

Missiles
 b - 12 arrows
Potions
 c - 2 potions of curing {unknown}
Books
 d - a book of Changes

   Spells                             Type                      Level
   a - Beastly Appendage              Transmutation                1
   b - Sticks to Snakes               Transmutation                2
   c - Spider Form                    Transmutation/Poison         3
   d - Ice Form                       Ice/Transmutation            4
   e - Blade Hands                    Transmutation                5
Comestibles
 a - a meat ration

... ..#
#.#############
#.#.......#...#
#.#.#####...#.#
#.#.# #.#.#.#
#.#.# ###.#.#
#S#.# #.#.#
....#####@#'#
#.#<#
..........(.#
#.###
##..#####.###
#.. #.# #.# #.#
. #.# #.# #.#
#.#


You could see a ball python (bleeding).


Message History

Welcome, Bloax the Felid Transmuter.
The bosom of this dungeon contains the most powerful artefact, the Orb of Zot.
Found a staircase leading out of the dungeon.
Found 2 murky brown potions.
c - 2 murky brown potions As you open the door, it creaks loudly!
A kobold comes into view.
The kobold shouts!
You hear a shout!
The kobold throws a stone.
The stone hits you. The kobold hits you.
There is an open door here.
You scratch the kobold but do no damage.
The kobold hits you.
You scratch the kobold.
You kill the kobold!
A kobold comes into view. It is wielding a dagger of protection.
The kobold shouts!
The kobold throws a stone.
The stone hits you.
* * * LOW HITPOINT WARNING * * *
A ball python comes into view.
You see here 2 stones.
Casting: Beastly Appendage You grow a pair of large bovine horns.
You scratch the kobold but do no damage.
The kobold closely misses you.
You scratch the kobold but do no damage.
The kobold completely misses you.
You barely miss the kobold. You headbutt the kobold.
You kill the kobold!
The ball python completely misses you. The ball python grabs you.
* * * LOW HITPOINT WARNING * * *
The ball python constricts you.
Things that are here:
a dagger of protection; a kobold corpse You scratch the ball python.
The ball python is moderately wounded.
The ball python misses you.
You die...

Action                   || total
-------------------------++-------
Melee: Unarmed           ||     6
 Cast: Beastly Appendage ||     1

Vault maps used:
D:1:      onia_arrival_mini_maze_b, minmay_parallelograms, serial_bayou_pond_b

Notes
Turn   | Place    | Note
--------------------------------------------------------------
     0 | D:1      | Bloax, the Felid Transmuter, began the quest for the Orb.
     0 | D:1      | Reached XP level 1. HP: 9/9 MP: 4/4
    23 | D:1      | HP: 2/9 [kobold/stone (4)]
    30 | D:1      | HP: 1/9 [ball python (1)]
    31 | D:1      | Slain by a ball python

Vanquished Creatures
  2 kobolds (D:1)
2 creatures vanquished.
